Map: 2000 Atmospheres LE

Players

Iccard

  • Race: Zerg Zerg
  • League: Diamond
  • Spawn Location: 7:00

Dain - Winner!

  • Race: Terran Terran
  • League: Master
  • Spawn Location: 3:00

VOD

Have the link to the VOD?

Description

Time

  • Played on: May 9, 2022, 2:08 p.m.
  • Length: 17:19
Show
View Real Time Build Order
Export as new Build Order

Iccard Zerg 

Build Orders: Hatch First 

Get SALT Encoding   

  12  0:03  Drone  
  13  0:12  Overlord  
  13  0:17  Drone  
  14  0:30  Drone x2  
  16  0:47  Drone  
  17  0:52  Hatchery  
  17  0:55  Drone  
  17  0:59  Drone  
  18  1:10  Extractor  
  17  1:14  Spawning Pool  
  17  1:17  Drone  
  17  1:20  Drone  
  18  1:29  Drone  
  19  1:40  Drone  
  20  1:53  Overlord  
  20  2:04  Queen x2, Zergling x2  
  20  2:05  Zergling x2  
  26  2:13  Metabolic Boost  
  26  2:15  Drone x2  
  28  2:23  Drone  
  28  2:27  Drone  
  30  2:33  Overlord  
  30  2:45  Drone  
  30  2:46  Drone  
  30  2:47  Queen x2  
  36  2:54  Drone  
  36  2:56  Drone  
  38  3:07  Drone x2  
  38  3:11  Extractor  
  40  3:15  Hatchery  
  40  3:17  Drone x2  
  41  3:25  Overlord  
  41  3:26  Drone  
  41  3:27  Drone x2  
  43  3:33  Overlord  
  44  3:46  Drone x3  
  44  3:48  Baneling Nest  
  46  3:56  Overlord x2  
  46  3:57  Drone x2  
  46  3:58  Drone x3  
  51  4:03  Spore Crawler  
  51  4:04  Spore Crawler, Drone  
  50  4:10  Zergling x4  
  52  4:18  Zergling x2  
  53  4:27  Zergling x4  
  53  4:28  Zergling x8  
  53  4:29  Drone  
  53  4:30  Drone  
  61  4:34  Queen  
  61  4:35  Lair  
  61  4:38  Zergling x2  
  64  4:39  Drone  
  64  4:40  Drone  
  65  4:50  Drone x3  
  67  4:55  Drone  
  67  5:02  Zergling x2  
  67  5:03  Zergling x2  
  61  5:08  Zergling x14  
  68  5:32  Drone x7  
  75  5:39  Overlord  
  75  5:42  Centrifugal Hooks  
  75  5:44  Drone x7  
  75  5:48  Extractor x2  
  75  5:49  Extractor  
  79  5:51  Extractor x2  
  79  5:53  Overlord x3, Evolution Chamber  
  79  5:54  Evolution Chamber  
  75  5:58  Drone x4  
  79  6:08  Drone  
  80  6:12  Drone x3  
  80  6:13  Drone x3  
  80  6:15  Zergling x6  
  80  6:16  Zergling x6  
  92  6:23  Zergling x6  
  92  6:32  Zergling x2  
  91  6:34  Zerg Melee Weapons Level 1, Zerg Ground Armor Level 1  
  90  6:41  Drone x3  
  93  6:47  Overseer  
  93  6:50  Spire  
  92  6:54  Baneling  
  92  6:55  Hatchery, Baneling x9  
  92  6:56  Zergling x8  
  92  6:57  Zergling x4  
  92  6:58  Overlord x3  
  92  6:59  Overlord x2  
  97  7:12  Hatchery, Zergling x2  
  97  7:14  Overlord x3  
  97  7:19  Hatchery  
  97  7:20  Overseer  
  96  7:34  Spore Crawler, Zergling x2  
  96  7:35  Zergling x18  
  105  7:45  Zergling x2  
  106  7:54  Zergling x2  
  106  7:55  Zergling x20  
  117  8:07  Zerg Flyer Weapons Level 1  
  117  8:08  Mutalisk  
  117  8:09  Mutalisk x3  
  115  8:15  Zergling x2  
  111  8:22  Baneling  
  111  8:23  Baneling x9  
  111  8:31  Zerg Ground Armor Level 2, Zerg Melee Weapons Level 2  
  111  8:33  Mutalisk  
  109  8:34  Mutalisk x4  
  115  8:45  Zergling x2  
  115  8:46  Zergling x24  
  128  8:58  Drone x11  
  128  8:59  Drone  
  140  9:09  Drone x8  
  148  9:16  Overlord x2  
  148  9:17  Overlord x2  
  148  9:21  Extractor  
  148  9:22  Spine Crawler, Extractor  
  148  9:23  Zergling x8  
  148  9:24  Spine Crawler, Zergling x2  
  149  9:34  Drone x3  
  149  9:35  Drone x5  
  157  9:40  Spine Crawler  
  157  9:41  Overseer  
  157  9:43  Drone  
  157  9:44  Spine Crawler, Infestation Pit, Mutalisk  
  157  9:45  Spine Crawler, Mutalisk x4  
  156  10:00  Zergling x2  
  156  10:01  Zergling x28  
  156  10:05  Zergling x6  
  144  10:11  Zergling x2  
  144  10:12  Zergling x12  
  142  10:25  Baneling  
  142  10:26  Baneling x21  
  142  10:27  Baneling x4  
  142  10:28  Zergling x4  
  130  10:30  Zergling x2  
  112  10:48  Mutalisk  
  112  10:49  Mutalisk x8  
  121  10:59  Zergling x2  
  121  11:00  Zergling x20  
  124  11:13  Zergling x12  
  130  11:33  Hive  
  130  11:34  Hatchery  
  129  11:40  Drone, Extractor x2  
  129  11:41  Drone x2  
  129  11:42  Drone x3  
  129  11:43  Hatchery  
  129  11:46  Drone x4  
  129  11:47  Drone x2  
  137  11:49  Baneling x2  
  137  11:50  Baneling x17  
  138  11:57  Mutalisk x2  
  138  11:58  Mutalisk x2  
  146  12:21  Baneling x3  
  146  12:22  Baneling  
  146  12:28  Mutalisk x3  
  153  12:30  Zergling x18  
  153  12:32  Baneling x9  
  153  12:33  Baneling  
  153  12:36  Drone x4  
  153  12:37  Drone x2  
  166  12:38  Zergling x10  
  172  12:45  Zergling x4  
  174  13:02  Zergling x2  
  174  13:03  Zergling x28  
  178  13:10  Baneling x3  
  178  13:12  Baneling x5  
  177  13:13  Baneling x4  
  177  13:23  Zergling x2  
  177  13:24  Zergling x22  
  177  13:26  Overlord x2  
  187  13:27  Zerg Flyer Weapons Level 2  
  187  13:29  Adrenal Glands, Zerg Melee Weapons Level 3, Zerg Ground Armor Level 3  
  187  13:39  Ultralisk Cavern  
  175  13:53  Zergling x2  
  175  13:54  Zergling x32  
  160  14:02  Zergling x2  
  160  14:03  Zergling x16  
  167  14:14  Spine Crawler, Drone x8  
  167  14:15  Spine Crawler x2  
  161  14:17  Spine Crawler  
  161  14:18  Mutalisk  
  161  14:19  Mutalisk x3  
  147  14:31  Zergling x2  
  147  14:32  Zergling x12  
  147  14:37  Zergling x2  
  147  14:38  Zergling x4  
  113  14:57  Anabolic Synthesis  
  106  15:10  Hatchery  
  101  15:14  Drone  
  101  15:15  Drone x3  
  101  15:16  Drone  
  101  15:18  Ultralisk  
  111  15:40  Chitinous Plating  
  111  15:45  Ultralisk  
  111  15:46  Ultralisk x2  
  111  15:49  Ultralisk  
  133  15:52  Overseer  
  132  15:58  Baneling  
  132  15:59  Baneling x14  
  115  16:20  Zergling x18  
  115  16:21  Zergling x16  
  143  16:56  Hatchery, Baneling x14  
  143  16:57  Baneling x5  
  143  16:58  Baneling x2  
Show
View Real Time Build Order
Export as new Build Order

Dain Terran - Winner!

Build Orders: Reaper Expand 

Get SALT Encoding   

  12  0:03  SCV  
  13  0:15  SCV  
  13  0:17  Supply Depot  
  14  0:27  SCV  
  15  0:39  SCV  
  15  0:42  Barracks  
  16  0:49  Refinery  
  16  0:51  SCV  
  17  1:03  SCV  
  18  1:15  SCV  
  19  1:32  Orbital Command  
  19  1:33  Reaper  
  20  1:43  Command Center  
  20  2:00  SCV  
  21  2:12  SCV  
  21  2:14  Factory  
  22  2:16  Marine, Supply Depot  
  23  2:33  Refinery  
  23  2:38  SCV  
  23  2:41  Barracks Reactor  
  24  2:50  SCV  
  25  2:57  Orbital Command  
  25  3:18  SCV  
  26  3:23  SCV  
  27  3:29  Starport  
  27  3:30  SCV  
  27  3:32  Hellion x2  
  32  3:35  SCV  
  32  3:38  Command Center  
  33  3:42  SCV  
  33  3:47  SCV  
  35  3:51  Supply Depot  
  35  3:53  Hellion x2  
  35  3:54  Barracks Tech Lab, SCV  
  40  3:59  SCV  
  41  4:06  SCV  
  42  4:11  SCV  
  42  4:15  Hellion x2  
  47  4:17  Supply Depot  
  47  4:19  SCV  
  47  4:23  SCV  
  49  4:31  Bunker  
  49  4:32  SCV  
  49  4:35  Stimpack, Marine  
  49  4:37  Barracks  
  51  4:39  SCV  
  51  4:42  Barracks  
  51  4:44  SCV  
  53  4:53  Orbital Command, Viking  
  53  4:54  SCV  
  53  4:56  SCV  
  53  4:59  Supply Depot  
  57  5:00  Engineering Bay  
  57  5:09  Marine  
  57  5:11  Factory Tech Lab  
  58  5:16  SCV, Barracks  
  58  5:18  SCV  
  58  5:19  Engineering Bay  
  58  5:20  SCV  
  61  5:26  Bunker  
  61  5:28  SCV  
  62  5:42  Marine, Orbital Command  
  63  5:43  Barracks Reactor  
  63  5:45  SCV  
  63  5:47  SCV  
  65  5:50  Starport Reactor  
  65  5:51  Supply Depot  
  65  5:54  Supply Depot  
  65  5:56  Terran Infantry Armor Level 1, Terran Infantry Weapons Level 1  
  65  5:57  Barracks Reactor, SCV  
  65  5:59  Marine  
  67  6:06  Marine x2  
  67  6:09  SCV  
  70  6:14  Combat Shield  
  70  6:15  Supply Depot  
  70  6:17  Marine  
  71  6:24  Marine x2  
  71  6:27  Marine x2  
  69  6:35  Marine  
  69  6:36  Marine  
  69  6:37  Marine, Medivac x2  
  69  6:39  Siege Tank, SCV x2  
  75  6:40  SCV  
  75  6:42  Marine x2  
  75  6:45  Marine x2  
  79  6:47  Supply Depot  
  79  6:51  SCV x2, Barracks  
  79  6:52  Armory  
  79  6:53  Marine  
  82  6:55  SCV  
  82  6:58  Marine x2  
  82  7:00  Marine  
  86  7:03  SCV  
  86  7:04  SCV  
  86  7:07  Medivac  
  90  7:17  Marine x2  
  90  7:18  Marine x5  
  90  7:20  SCV x3  
  100  7:24  Missile Turret  
  100  7:26  Bunker  
  100  7:32  SCV x3  
  100  7:35  Marine x3  
  100  7:36  Marine x4  
  110  7:39  Siege Tank  
  110  7:40  Marine, Medivac  
  116  7:44  SCV  
  116  7:45  Refinery  
  116  7:47  Refinery  
  116  7:49  Supply Depot  
  116  7:51  Supply Depot  
  117  7:55  Supply Depot  
  117  8:02  Refinery  
  117  8:04  Refinery  
  117  8:08  Marine  
  117  8:11  SCV x2  
  119  8:17  Marine  
  119  8:18  Marine x2  
  113  8:23  Marine x2  
  114  8:27  Marine x2  
  114  8:29  Marine  
  114  8:30  Siege Tank  
  114  8:31  Terran Infantry Weapons Level 2  
  120  8:35  Marine x2  
  120  8:36  Marine  
  120  8:38  Missile Turret  
  120  8:40  Marine, Missile Turret  
  120  8:44  Missile Turret  
  117  8:50  Command Center  
  117  8:53  Barracks  
  115  8:57  Terran Infantry Armor Level 2  
  115  8:58  Marine x6, Supply Depot  
  115  8:59  Barracks  
  115  9:00  Supply Depot  
  115  9:01  Drilling Claws  
  121  9:03  Widow Mine  
  121  9:09  Supply Depot, SCV  
  124  9:11  Missile Turret  
  124  9:14  SCV x2  
  124  9:15  Marine  
  124  9:16  Marine x4  
  131  9:21  Marine, SCV, Barracks  
  131  9:22  Marine  
  134  9:24  Widow Mine  
  134  9:26  Barracks Reactor  
  136  9:33  Marine x3  
  136  9:34  Marine x2  
  141  9:39  Marine  
  141  9:40  Marine, Supply Depot  
  141  9:43  Marine  
  144  9:50  Marine  
  144  9:51  Marine x2  
  147  9:58  Marine x3  
  147  9:59  Marine x2  
  150  10:01  Marine  
  140  10:07  Marine x2  
  140  10:08  Marine  
  140  10:10  Marine x2  
  142  10:16  Marine x4  
  142  10:17  Marine  
  142  10:18  Widow Mine  
  146  10:22  Marine  
  146  10:25  Marine x2  
  146  10:26  Marine  
  146  10:28  Marine x2  
  145  10:34  Marine x2  
  146  10:40  Widow Mine  
  146  10:42  Marine x2  
  117  10:43  Marine x4  
  110  11:02  Barracks Reactor x2  
  110  11:03  Marine x5  
  108  11:08  Marine x3  
  108  11:10  SCV  
  111  11:14  Terran Infantry Weapons Level 3, Terran Infantry Armor Level 3  
  111  11:15  Marine  
  112  11:20  Marine, Ghost Academy  
  112  11:21  Marine x4  
  112  11:26  Marine x3  
  112  11:30  Supply Depot  
  112  11:31  Medivac x2  
  118  11:33  Marine  
  118  11:34  Factory Reactor  
  118  11:36  Factory  
  118  11:38  Marine x2  
  118  11:39  Marine x3  
  124  11:40  Terran Vehicle Weapons Level 1, Supply Depot  
  124  11:41  Starport  
  124  11:43  Marine  
  124  11:44  Marine x2, SCV  
  124  11:46  Planetary Fortress  
  128  11:48  Marine  
  128  11:49  Marine x3  
  128  11:51  Marine  
  133  11:55  SCV  
  133  11:56  Marine x3  
  133  11:57  Marine x2  
  140  12:01  Marine, SCV x2  
  140  12:03  Missile Turret  
  140  12:04  Marine x2  
  140  12:06  Marine x2, Barracks Reactor  
  140  12:07  Marine, Barracks Tech Lab, SCV  
  140  12:08  Barracks  
  148  12:09  Medivac, Barracks  
  148  12:10  Medivac, Barracks  
  148  12:11  Supply Depot  
  148  12:15  Widow Mine x2  
  156  12:19  SCV  
  156  12:22  Sensor Tower  
  157  12:24  Marine x8  
  165  12:31  Personal Cloaking  
  165  12:32  Ghost  
  165  12:33  Factory Reactor, Starport Reactor  
  165  12:37  Widow Mine  
  169  13:03  Marine x2  
  169  13:04  Marine x15  
  184  13:11  Command Center  
  184  13:21  Marine x2  
  184  13:24  Marine  
  184  13:25  Widow Mine x3  
  193  13:30  Marine  
  193  13:31  Widow Mine, Marine  
  193  13:32  Barracks Tech Lab x3  
  197  13:36  Supply Depot  
  197  13:46  Marine  
  197  13:47  Marine x2  
  197  13:49  Marine x3  
  197  13:50  Marine  
  197  13:52  Widow Mine  
  197  13:54  Marine x10  
  153  14:04  Marine x2  
  153  14:05  Marine  
  153  14:06  Marine x2  
  153  14:07  Marine  
  153  14:08  Marine  
  160  14:12  Marine  
  145  14:26  Widow Mine  
  145  14:27  Widow Mine x3  
  149  14:34  Marine x3  
  149  14:35  Marine x2  
  149  14:41  Ghost x3  
  149  14:44  Planetary Fortress  
  128  14:56  Medivac  
  128  14:57  Medivac x3  
  128  14:59  Marine x2  
  138  15:17  Marine, Ghost x5  
  138  15:19  Marine  
  148  15:23  Refinery x2  
  148  15:36  Widow Mine x3, Marine  
  148  15:39  Orbital Command  
  155  15:45  Ghost  
  155  15:46  Ghost x3  
  161  15:56  Ghost  
  160  16:14  Ghost x4  
  142  16:24  Ghost  
  139  16:30  Marine  
  133  16:42  Ghost  
  133  16:43  Ghost x3  
  141  16:48  Command Center  
  141  16:49  Refinery, SCV  
  141  16:50  Refinery  
  144  16:56  Marine x2  
Tags
 
Add a new tag
Caveats
  • Supply blocks, unpowered buildings, or Contaminate may cause inaccurate times.
  • Supply counts are checked every 10 seconds.